 Dungeon Crawl Stone Soup version 0.19.5 (webtiles) character file.

373 equalderp2856 the Skirmisher (level 6, -5/47 HPs)
             Began as a Mummy Fighter on Mar 31, 2017.
             Slain by an ogre
             ... wielding a +0 giant club
              (14 damage)
             ... on level 3 of the Dungeon.
             The game lasted 00:10:40 (4522 turns).

equalderp2856 the Skirmisher (Mummy Fighter)        Turns: 4522, Time: 00:10:41

Health: -5/47      AC: 11    Str: 21    XL:     6   Next: 43%
Magic:  6/6        EV:  5    Int:  7    God:
Gold:   86         SH:  9    Dex: 12    Spells: 0 memorised, 5 levels left

rFire  x . .     SeeInvis .     x - +3 short sword
rCold  + + .     Gourm    .     d - +0 chain mail
rNeg   + + +     Faith    .     c - +0 shield
rPois  ∞         Spirit   .     o - +0 helmet of Circular Logic {rC+ Stlth+} (curse)
rElec  .         Reflect  .     q - +0 cloak
rCorr  .         Harm     .     (no gloves)
MR     .....                    (no boots)
Stlth  ..........               s - amulet of regeneration
                                (no ring)
                                (no ring)

@: about to teleport
A: no food or potions, fire vulnerability, cold resistance 1, negative energy
resistance 3, torment resistance, unbreathing
a: no special abilities


You were on level 3 of the Dungeon.
You were not hungry.

You visited 1 branch of the dungeon, and saw 4 of its levels.

You collected 86 gold pieces.

Inventory:

Hand Weapons
 a - a +0 long sword
 f - a +0 rapier
 k - a +7 club
 m - a +0 hunting sling
 p - a +1 dagger of protection
 x - a +3 short sword (weapon)
Missiles
 w - 2 tomahawks (quivered)
 y - 27 sling bullets
Armour
 b - a +0 scale mail
 c - a +0 shield (worn)
 d - a +0 chain mail (worn)
 l - a +0 robe
 n - a +0 animal skin
 o - the cursed +0 helmet of Circular Logic (worn) {rC+ Stlth+}
   (You took it off Robin on level 3 of the Dungeon)

   It protects you from cold.
   It makes you more stealthy.
   It has a curse placed upon it.
 q - a +0 cloak (worn)
Jewellery
 s - an amulet of regeneration (around neck)
 t - a cursed ring of loudness {unknown}
Wands
 j - a wand of slowing (10/48)
 u - a wand of flame (28/48)
Scrolls
 g - a scroll of remove curse {unknown}
 h - 2 scrolls of identify {unknown}
 i - a scroll of random uselessness {unknown}
 r - a scroll of blinking {unknown}
 v - a scroll of enchant weapon {unknown}


   Skills:
 + Level 3.6 Fighting
 + Level 2.0(2.8) Short Blades
 + Level 2.9(3.3) Long Blades
 + Level 3.4 Armour
 + Level 1.0 Dodging
 + Level 0.3 Stealth
 + Level 3.5 Shields


You had 5 spell levels left.
You didn't know any spells.

Dungeon Overview and Level Annotations

Branches:
Dungeon (4/15)
 Temple: D:4-7

Altars:
Ru
Xom
Zin
The Shining One


Innate Abilities, Weirdness & Mutations

You do not eat or drink.
Your flesh is vulnerable to fire.
You are immune to poison.
Your flesh is cold resistant. (rC+)
You are immune to negative energy. (rN+++)
You are immune to unholy pain and torment.
You can survive without breathing.


Message History

You climb downwards.
The ogre hits you with a giant club!
There is a stone staircase leading up here.
You puncture the ogre!
The ogre is moderately wounded.
The ogre hits you with a giant club! The ogre hits you with a giant club!!
* * * LOW HITPOINT WARNING * * *
You climb upwards.
There is a stone staircase leading down here.
As you read the scroll of teleportation, it crumbles to dust.
You feel strangely unstable. You block the ogre's attack.
You hit the ogre.
The ogre is heavily wounded.
You block the ogre's attack.
You hit the ogre.
The ogre is heavily wounded.
You barely miss the ogre.
The ogre is heavily wounded.
The ogre hits you with a giant club!
You die...

.(###########.##..#.#...##.#
..'.....#.........#.#....#.#
..#####.#.####.#..#.####.#.#
....(...#...##.#..#......#.#
.(#########.##....########.#
............###............#
###...####### #..###########
#...# ##O# #.!.# #@# #...#
### #...# #...# #####


You could see an ogre.

Vanquished Creatures
  A phantom (D:4)
  The ghost of BunnyWarlock the Conjurer, a weakling DrCj (D:3)
  Terence (D:2)
  Jessica (D:2)
  Robin (D:3)
  7 adders
  An ooze (D:1)
  An adder skeleton (D:4)
  3 worms (D:2)
  4 leopard geckos
  10 orcs
  3 ball pythons
  2 giant cockroaches
  11 hobgoblins
  8 kobolds
  10 bats
  9 frilled lizards
  14 goblins
  6 rats
94 creatures vanquished.

Vanquished Creatures (others)
  An adder (D:2)
1 creature vanquished.

Grand Total: 95 creatures vanquished

Notes
Turn   | Place    | Note
-------+----------+-------------------------------------------
     0 | D:1      | equalderp2856 the Mummy Fighter began the quest for the Orb.
     0 | D:1      | Reached XP level 1. HP: 18/18 MP: 1/1
   352 | D:1      | Reached XP level 2. HP: 21/24 MP: 2/2
  1107 | D:2      | Reached XP level 3. HP: 29/29 MP: 3/3
  1647 | D:2      | Reached XP level 4. HP: 28/35 MP: 4/4
  1745 | D:2      | Noticed Terence
  1961 | D:2      | Killed Terence
  1961 | D:2      | Reached skill level 1 in Short Blades
  2223 | D:2      | Found a sacrificial altar of Ru.
  2267 | D:2      | Found a glowing silver altar of Zin.
  2267 | D:2      | Noticed an angel
  2268 | D:2      | Found a shimmering altar of Xom.
  2540 | D:2      | Noticed Jessica
  2551 | D:2      | Killed Jessica
  2551 | D:2      | Reached XP level 5. HP: 34/41 MP: 5/5
  2686 | D:3      | Noticed BunnyWarlock's ghost (weakling DrCj)
  2707 | D:3      | Killed BunnyWarlock's ghost
  2819 | D:3      | Noticed Robin
  3228 | D:3      | Killed Robin
  3232 | D:3      | Got a scorched helmet
  3271 | D:3      | Identified the cursed +0 helmet of Circular Logic {rC+ Stlth+} (You took it off Robin on level 3 of the Dungeon)
  4037 | D:4      | Noticed a phantom
  4040 | D:4      | Reached XP level 6. HP: 47/47 MP: 6/6
  4083 | D:4      | Reached skill level 1 in Dodging
  4128 | D:4      | Found a glowing golden altar of the Shining One.
  4522 | D:3      | Slain by an ogre

Skill      XL: |  1  2  3  4  5  6 |
---------------+-------------------+-----
Long Blades    | 2 |  2.9
Armour         | 3 |  3.4
Short Blades   | 1 2 |  2.0
Shields        | 3 |  3.5
Dodging        | 1 |  1.0
Fighting       | |  3.6
Stealth        | |  0.3

Action                   |  1- 3 |  4- 6 || total
-------------------------+-------+-------++-------
Melee: Long sword        |    88 |   200 ||   288
       Rapier            |    45 |    80 ||   125
       Short sword       |       |    31 ||    31
  Use: Scroll            |       |     3 ||     3
Armor: Scale mail        |    60 |   156 ||   216
Dodge: Dodged            |    60 |   118 ||   178
Block: Shield            |    56 |   195 ||   251
       Rpst.: Long sword |    11 |    21 ||    32
